 Dungeon Crawl Stone Soup version 0.23-a0-435-g79ed067 (webtiles) character file.

190 galech the Skirmisher (level 5, 0/41 HPs)
             Began as a Demonspawn Fighter on Nov 15, 2018.
             Succumbed to Crazy Yiuf's poison
             ... on level 2 of the Dungeon.
             The game lasted 00:02:50 (1898 turns).

galech the Skirmisher (Demonspawn Fighter)          Turns: 1898, Time: 00:02:51

Health: 0/41       AC:  8    Str: 22    XL:     5   Next: 41%
Magic:  0/5        EV: 10    Int: 14    God:
Gold:   164        SH:  9    Dex: 13    Spells: 4/4 levels left

rFire    . . .     SeeInvis .   a - +0 war axe
rCold    + . .     Gourm    .   c - +0 shield
rNeg     . . .     Faith    .   b - +0 scale mail
rPois    .         Spirit   +   e - +0 helmet
rElec    .         Reflect  .   (no cloak)
rCorr    .         Harm     .   (no gloves)
MR       +....                  (no boots)
Stlth    ..........             (no amulet)
HPRegen  0.13/turn              m - ring of protection from magic
MPRegen  0.09/turn              q - ring of protection from cold

@: mighty, brilliant, lethally poisoned (0 -> -4)
A: repulsion field 1, magic shield
a: no special abilities


You were on level 2 of the Dungeon.
You were hungry.

You visited 1 branch of the dungeon, and saw 3 of its levels.

You collected 164 gold pieces.

Inventory:

Hand Weapons
 a - a +0 war axe (weapon)
Armour
 b - a +0 scale mail (worn)
 c - a +0 shield (worn)
 e - a +0 helmet (worn)
Jewellery
 m - a ring of protection from magic (left hand)
 q - a ring of protection from cold (right hand)
Wands
 o - a wand of enslavement (6)
Scrolls
 g - a scroll of teleportation {unknown}
 h - 2 scrolls of blinking {unknown}
 i - a scroll of magic mapping {unknown}
 l - 2 scrolls of random uselessness {unknown}
 n - a scroll of enchant weapon {unknown}
 p - a scroll of fog {unknown}
Comestibles
 f - 8 rations


   Skills:
 + Level 3.6 Fighting
 + Level 3.3 Axes
 + Level 3.3 Armour
 + Level 1.2 Dodging
 + Level 0.2 Stealth
 + Level 3.4 Shields


You had 4 spell levels left.
You didn't know any spells.
Your spell library was empty.

Dungeon Overview and Level Annotations

Branches:
Dungeon (3/15)

Altars:

Annotations:
D:2 Crazy Yiuf


Innate Abilities, Weirdness & Mutations

You are surrounded by a mild repulsion field. (EV +2)
When hurt, damage is shared between your health and your magic reserves.


Message History

You feel better. Crazy Yiuf hits you but does no damage.
Crazy Yiuf closely misses you.
Your scale mail prevents you from hitting Crazy Yiuf.
Crazy Yiuf is severely wounded.
Crazy Yiuf barely misses you.
You hit Crazy Yiuf but do no damage.
Crazy Yiuf is severely wounded.
Crazy Yiuf cries, "Buddy!"
Crazy Yiuf hits you with a +2 quarterstaff of chaos.
* * * LOW HITPOINT WARNING * * *
You are poisoned.
Crazy Yiuf hits you with a +2 quarterstaff of chaos.
* * * LOW HITPOINT WARNING * * *
It was a potion of brilliance.
You feel clever all of a sudden.
You feel sick. You block Crazy Yiuf's attack.
Crazy Yiuf hits you with a +2 quarterstaff of chaos.
* * * LOW HITPOINT WARNING * * *
You feel very mighty all of a sudden.
You feel yourself speed up.
You die...

.####........
....'........
.####........
##....... ##.....#
##...## ####
♣#####'## #)..#♣♣
♣♣♣...##.##
#..g@.♣♣♣♣.........##
#...#♣..♣...........#
#### ♣♣♣.♣....##....#
♣♣♣♣♣###......
#....... ######...#
#..# ##... #..####..#
#........#


You could see Crazy Yiuf.

Vanquished Creatures
  Jessica (D:3)
  An orc wizard (D:3)
  Natasha (twice) (D:2)
  Robin (D:3)
  A dart slug (D:3)
  2 leopard geckos
  3 orcs (D:3)
  A ball python (D:2)
  7 bats
  2 giant cockroaches
  17 goblins
  13 hobgoblins
  2 jackals (D:1)
  A quokka (D:2)
  5 kobolds
  7 rats
66 creatures vanquished.

Notes
Turn   | Place    | Note
-------+----------+-------------------------------------------
     0 | D:1      | galech the Demonspawn Fighter began the quest for the Orb.
     0 | D:1      | Reached XP level 1. HP: 18/18 MP: 1/1
   150 | D:1      | Gained mutation: You are surrounded by a mild repulsion
                  | field. (EV +2) [demonic ancestry]
   150 | D:1      | Reached XP level 2. HP: 19/24 MP: 2/2
   343 | D:1      | Gained mutation: When hurt, damage is shared between your
                  | health and your magic reserves. [demonic ancestry]
   343 | D:1      | Reached XP level 3. HP: 22/29 MP: 3/3
   433 | D:1      | You fall through a shaft!
   726 | D:2      | Noticed Natasha
   732 | D:2      | Killed Natasha
   813 | D:2      | Found a faded altar of an unknown god.
  1017 | D:2      | Reached XP level 4. HP: 34/35 MP: 4/4
  1186 | D:2      | You fall through a shaft!
  1195 | D:3      | Noticed Robin
  1215 | D:3      | Killed Robin
  1251 | D:3      | Reached skill level 1 in Dodging
  1258 | D:3      | Reached XP level 5. HP: 18/41 MP: 3/5
  1491 | D:3      | Noticed Jessica
  1496 | D:3      | Killed Jessica
  1621 | D:2      | Noticed Natasha
  1638 | D:2      | Killed Natasha
  1869 | D:2      | Found a runed door.
  1873 | D:2      | Noticed Crazy Yiuf
  1897 | D:2      | HP: 1/41 [Crazy Yiuf/+2 quarterstaff of chaos (5)]
  1898 | D:2      | Succumbed to Crazy Yiuf's poison

Vault maps used:
D:1:      dpeg_arrival_yet_another_circle, corner_web_ring
D:2:      chequers_ecumenical_altar_lobes, first_ration,
          chequers_serial_rivers_small_b, uniq_crazy_yiuf_cottage, uniq_natasha
D:3:      minmay_wonky_spiral, uniq_jessica, uniq_sigmund, uniq_robin

Skill      XL: |  1  2  3  4 |
---------------+-------------+-----
Axes           | 2 3 |  3.3
Shields        | 3 |  3.4
Armour         | 3 |  3.3
Dodging        | 1 |  1.2
Fighting       | |  3.6
Stealth        | |  0.2

Action                   |  1- 3 |  4- 6 || total
-------------------------+-------+-------++-------
Melee: War axe           |   118 |    97 ||   215
  Use: Potion            |       |     5 ||     5
  Eat: Chunk             |     1 |     2 ||     3
Armor: Scale mail        |    72 |    40 ||   112
Dodge: Dodged            |    65 |    32 ||    97
Block: Shield            |    86 |    46 ||   132

Table legend:
 A = Non-vault XP
 B = Vault XP
 C = Vault XP percentage of total XP
 D = Non-vault monster count
 E = Vault monster count
 F = Vault count percentage of total count
                 A         B        C        D         E       F
            +---------+---------+-------+---------+---------+-------
      Total |     164 |     108 |  39.7 |      51 |      15 |  22.7
            +---------+---------+-------+---------+---------+-------
        D:1 |      47 |       0 |   0.0 |      26 |       0 |   0.0
        D:2 |      62 |      33 |  34.7 |      16 |       1 |   5.9
        D:3 |      55 |      75 |  57.7 |       9 |      14 |  60.9
            +---------+---------+-------+---------+---------+-------
